 Dungeon Crawl Stone Soup version 0.29.1-1-gd02db6906a (webtiles) character file.

Game seed: 16939384131614778919

448 raph the Grave Robber (level 7, -5/53 HPs)
             Began as a Ghoul Necromancer on Oct 8, 2022.
             Slain by Duvessa
             ... wielding a +2 vampiric short sword
              (13 damage)
             ... on level 5 of the Dungeon.
             The game lasted 00:07:55 (5035 turns).

raph the Grave Robber (Ghoul Necromancer)           Turns: 5035, Time: 00:07:55

Health: -5/53      AC:  6    Str: 12    XL:     7   Next: 3%
Magic:  3/10       EV: 12    Int: 12    God:
Gold:   203        SH:  0    Dex:  9    Spells: 5/11 levels left

rFire   . . .      SeeInvis .   (no weapon)
rCold   + . .      Faith    +   (no shield)
rNeg    + + +      Spirit   .   a - +0 robe
rPois   ∞          Reflect  .   j - +0 helmet
rElec   .          Harm     .   e - +0 cloak
rCorr   .          Rampage  .   r - +0 pair of gloves
Will    .....                   s - +0 pair of boots
Stlth   ++........              d - amulet of faith
HPRegen 0.00/turn               k - +4 ring of slaying
MPRegen 0.12/turn               (no ring)

@: inhibited regen
A: claws 1, cold resistance 1, negative energy resistance 3, inhibited
regeneration, torment resistance 2, devour on kill
a: no special abilities


You were on level 5 of the Dungeon.
You visited 1 branch of the dungeon, and saw 5 of its levels.

You collected 203 gold pieces.

Inventory:

Armour
 a - a +0 robe (worn)
 e - a +0 cloak (worn)
 j - a +0 helmet (worn)
 r - a +0 pair of gloves (worn)
 s - a +0 pair of boots (worn)
Jewellery
 d - an amulet of faith (around neck)
 k - a +4 ring of slaying (left hand)
Wands
 p - a wand of flame (27)
 v - a wand of light (12)
Scrolls
 c - a scroll of teleportation
 h - a scroll of amnesia
Potions
 f - a potion of heal wounds {unknown}
 g - 3 potions of brilliance
 i - a potion of attraction {unknown}
 l - a potion of invisibility {unknown}
 m - a potion of resistance {unknown}
 n - 2 potions of curing
 o - a potion of flight {unknown}
 q - a potion of lignification {unknown}
 t - a potion of haste {unknown}


   Skills:
 + Level 1.7 Fighting
 + Level 3.0 Dodging
 + Level 3.9 Stealth
 + Level 2.9 Spellcasting
 * Level 5.7 Necromancy
 + Level 1.4 Fire Magic


You had 5 spell levels left.
You knew the following spells:

 Your Spells              Type           Power      Damage    Failure   Level
a - Necrotise             Necr           60%        1d7       2%          1
b - Vampiric Draining     Necr           15%        2d7       7%          3
c - Foxfire               Conj/Fire      12%        2x1d4     19%         1
d - Magic Dart            Conj           4%         1d3       26%         1

Your spell library contained the following spells:

 Spells                   Type           Power      Damage    Failure   Level
 Animate Dead             Necr           15%        N/A       24%         4
 Shock                    Conj/Air       4%         1d3       26%         1
 Call Imp                 Summ           1%         N/A       36%         2
 Conjure Flame            Conj/Fire      3%         6-21      50%         3
 Inner Flame              Hex/Fire       3%         N/A       50%         3
 Agony                    Necr           15%        N/A       54%         5
 Gell's Gravitas          Tloc           1%         N/A       58%         3
 Lesser Beckoning         Tloc           1%         N/A       58%         3
 Mephitic Cloud           Conj/Pois/Air  1%         N/A       58%         3
 Swiftness                Air            1%         N/A       58%         3
 Teleport Other           Tloc           1%         N/A       58%         3
 Flame Wave               Conj/Fire      3%         2d5       88%         4
 Airstrike                Air            0%         2d(1-17)  94%         4


Dungeon Overview and Level Annotations

Branches:
Dungeon (5/15)
 Temple: D:4-7

Altars:
Ashenzari
Hepliaklqana
Yredelemnul

Annotations:
D:5 1 transporter, Duvessa; MisterFreud's ghost, novice GnDe


Innate Abilities, Weirdness & Mutations

You are immune to poison.
You have sharp fingernails.
Your flesh is cold resistant. (rC+)
You are immune to negative energy. (rN+++)
You do not regenerate when monsters are visible.
You are immune to unholy pain and torment.
You thrive by killing the living.


Message History

Aiming: Vampiric Draining (dangerous; 7% risk of failure)
Press: ? - help, Shift-Dir - straight line, f/p - Duvessa
Aim: Duvessa, wielding a +2 vampiric short sword, wearing a +3 leather armour of fire resistance and carrying a wand of roots (12) (moderately wounded, berserk, blind, ally target)
You draw life force from Duvessa.
You feel life coursing into your body. Duvessa misses you.
Duvessa hits you with a +2 vampiric short sword!
Casting: Vampiric Draining (dangerous; 7% risk of failure)
Confirm with . or Enter, or press ? or * to list all spells.
Aiming: Vampiric Draining (dangerous; 7% risk of failure)
Press: ? - help, Shift-Dir - straight line, f/p - Duvessa
Aim: Duvessa, wielding a +2 vampiric short sword, wearing a +3 leather armour of fire resistance and carrying a wand of roots (12) (heavily wounded, berserk, blind, ally target)
You draw life force from Duvessa.
You feel life coursing into your body.
Duvessa hits you with a +2 vampiric short sword.
You don't have enough magic to cast this spell.
Unknown command.
Magic courses through your body.
Duvessa hits you with a +2 vampiric short sword.
Duvessa hits you with a +2 vampiric short sword!
* * * LOW HITPOINT WARNING * * *
Your foxfire dissipates!
Casting: Vampiric Draining (dangerous; 7% risk of failure)
Confirm with . or Enter, or press ? or * to list all spells.
You conjure some foxfire!
Duvessa closely misses you. x2
Unknown command.
Casting: Foxfire (safe; 19% risk of failure)
Confirm with . or Enter, or press ? or * to list all spells.
Aiming: Vampiric Draining (dangerous; 7% risk of failure)
Press: ? - help, Shift-Dir - straight line, f/p - Duvessa
Aim: Duvessa, wielding a +2 vampiric short sword, wearing a +3 leather armour of fire resistance and carrying a wand of roots (12) (heavily wounded, berserk, blind, ally target)
You draw life force from Duvessa!
You feel life coursing into your body.
Duvessa hits you with a +2 vampiric short sword!
* * * LOW HITPOINT WARNING * * *
Casting: Vampiric Draining (dangerous; 7% risk of failure)
Confirm with . or Enter, or press ? or * to list all spells.
Aiming: Vampiric Draining (dangerous; 7% risk of failure)
Press: ? - help, Shift-Dir - straight line, f/p - Duvessa
Aim: Duvessa, wielding a +2 vampiric short sword, wearing a +3 leather armour of fire resistance and carrying a wand of roots (12) (severely wounded, berserk, blind, ally target)
You draw life force from Duvessa!
You feel life coursing into your body.
Duvessa hits you with a +2 vampiric short sword!
You die...

############
#..........#
#.########.#
### #.# #.#
..# #.# #.#
#.# #.# #.#
#.#####.#
#.#
#.......#
#v#
#..######
#@# #..# #e#
...##### ##
#.# ........
.. #.#
.#.##### #.
#.# .#.#
#####.##.#
.#.#
.......)|#
.#.#
###....##
.#.# ##.#.#


You could see Duvessa (berserk, blind, ally target).

Vanquished Creatures
  A centaur (D:5)
  A necrophage (D:4)
  Dowan (D:5)
  2 hounds
  2 iguanas (D:5)
  Robin (D:2)
  5 adders
  An ufetubus (D:4)
  2 dart slugs
  2 orcs (D:4)
  7 endoplasms
  6 giant cockroaches
  16 goblins
  5 hobgoblins
  3 jackals
  8 quokkas
  7 ball pythons
  3 bats
  2 frilled lizards
  A kobold (D:2)
  3 rats (D:3)
79 creatures vanquished.

Vanquished Creatures (collateral kills)
  A dart slug (D:4)
  An endoplasm (D:1)
  A rat (D:2)
3 creatures vanquished.

Vanquished Creatures (others)
  32 foxfires
  4 toadstools (D:1)
36 creatures vanquished.

Grand Total: 118 creatures vanquished

Notes
Turn   | Place    | Note
-------+----------+-------------------------------------------
     0 | D:1      | raph the Ghoul Necromancer began the quest for the Orb.
     0 | D:1      | Reached XP level 1. HP: 14/14 MP: 2/2
   329 | D:1      | Reached XP level 2. HP: 11/20 MP: 0/3
  1160 | D:1      | Reached XP level 3. HP: 24/26 MP: 5/5
  1434 | D:2      | Learned a level 3 spell: Vampiric Draining
  1818 | D:2      | Found a faded altar of an unknown god.
  2173 | D:2      | Noticed Robin
  2394 | D:2      | Reached XP level 4. HP: 30/33 MP: 0/6
  2811 | D:2      | Killed Robin
  2990 | D:3      | Identified a scroll of acquirement
  2990 | D:3      | Acquired a book of Flames
  2994 | D:3      | Learned a level 1 spell: Foxfire
  3031 | D:3      | Reached XP level 5. HP: 15/38 MP: 1/7
  3349 | D:3      | Reached skill level 5 in Necromancy
  3367 | D:3      | Found a broken altar of Ashenzari.
  3368 | D:3      | Found a hazy altar of Hepliaklqana.
  3368 | D:3      | Found a basalt altar of Yredelemnul.
  3748 | D:4      | Learned a level 1 spell: Magic Dart
  3864 | D:4      | Reached skill level 1 in Fire Magic
  4107 | D:4      | Reached XP level 6. HP: 46/46 MP: 4/8
  4209 | D:4      | Reached skill level 1 in Fighting
  4577 | D:5      | Entered Level 5 of the Dungeon
  4800 | D:5      | Noticed Dowan
  4803 | D:5      | Noticed Duvessa
  4811 | D:5      | Killed Dowan
  4895 | D:5      | Reached XP level 7. HP: 53/53 MP: 3/10
  4958 | D:5      | Noticed MisterFreud's ghost (novice GnDe)
  4959 | D:5      | Found a transporter.
  4970 | D:5      | Identified the +6 great mace of the Chewing Queen {venom,
                  | Str+4}
  5034 | D:5      | HP: 2/53 [Duvessa/+2 vampiric short sword (7)]
  5035 | D:5      | Slain by Duvessa

Illustrated notes

Levels and vault maps discovered:
D:1:      ldierk_water_garden, layout_loops_ring, minmay_tetromino_i2
D:2:      layout_basic, hellmonk_ecumenical_altar_blasted, uniq_robin
D:3:      layout_rooms, mainiacjoe_overflow_catwalk, grunt_temple_overflow_open
D:4:      layout_rooms
D:5:      layout_loops_ring, minmay_temple_entry_antechambers,
          gammafunk_ghost_smash, uniq_duvessa

Skill      XL: |  1  2  3  4  5  6 |
---------------+-------------------+-----
Dodging        | 2 3 |  3.0
Spellcasting   | 2 |  2.9
Stealth        | 3 |  3.9
Necromancy     | 5 |  5.7
Fire Magic     | 1 |  1.4
Fighting       | 1 |  1.7

Action                   |  1- 3 |  4- 6 |  7- 9 || total
-------------------------+-------+-------+-------++-------
Melee: Unarmed           |    91 |    94 |    11 ||   196
       Punch             |     1 |     1 |       ||     2
 Cast: Necrotise         |    40 |    45 |       ||    85
       Foxfire           |       |    19 |     2 ||    21
       Vampiric Draining |       |     4 |     5 ||     9
       Magic Dart        |       |     1 |       ||     1
Evoke: Wand              |       |       |     3 ||     3
  Use: Scroll            |     6 |     8 |       ||    14
       Potion            |       |       |     1 ||     1
 Stab: Sleeping          |     6 |     2 |     1 ||     9
Armor: Robe              |    21 |    79 |     5 ||   105
Dodge: Dodged            |    62 |   156 |    11 ||   229
